 Dungeon Crawl Stone Soup version 0.26-a0-652-gafc20e3620 (webtiles) character file.

Game seed: 4707673395559471073

71 Decritt the Conjurer (level 4, -8/24 HPs)
             Began as a Deep Elf Conjurer on Oct 2, 2020.
             Mangled by Sigmund
             ... wielding a +1 vorpal scythe
              (14 damage)
             ... on level 2 of the Dungeon.
             The game lasted 00:14:33 (1824 turns).

Decritt the Conjurer (Deep Elf Conjurer)            Turns: 1824, Time: 00:14:34

Health: -8/24      AC:  3    Str:  5    XL:     4   Next: 5%
Magic:  3/10       EV: 13    Int: 23    God:
Gold:   66         SH:  0    Dex: 13    Spells: 6/9 levels left

rFire    . . .     SeeInvis .   (no weapon)
rCold    . . .     Faith    .   (no shield)
rNeg     . . .     Spirit   .   i - +0 robe
rPois    .         Reflect  .   (no helmet)
rElec    .         Harm     .   (no cloak)
rCorr    .         Rampage  .   (no gloves)
MR       .....                  c - +0 pair of boots
Stlth    +.........             (no amulet)
HPRegen  0.08/turn              (no ring)
MPRegen  0.12/turn              (no ring)

@: confused, brilliant
A: no striking features
a: no special abilities


You were on level 2 of the Dungeon.
You visited 1 branch of the dungeon, and saw 2 of its levels.

You collected 66 gold pieces.

Inventory:

Armour
 c - a +0 pair of boots (worn)
 i - a +0 robe (worn)
Scrolls
 b - a scroll of noise {unknown}
 d - a scroll of identify
 e - a scroll of remove curse {unknown}
 f - a scroll of enchant armour {unknown}
Potions
 g - a potion of stabbing
 h - a potion of brilliance


   Skills:
 - Level 2.4 Dodging
 - Level 2.4 Stealth
 - Level 3.0 Spellcasting
 + Level 6.2 Conjurations


You had 6 spell levels left.
You knew the following spells:

 Your Spells              Type           Power        Failure   Level
a - Magic Dart            Conj           ####         1%          1
b - Searing Ray           Conj           #####.       1%          2

Your spell library contained the following spells:

 Spells                   Type           Power        Failure   Level
 Dazzling Flash           Conj/Hex       ####..       10%         3
 Fulminant Prism          Conj/Hex       ####......   32%         4
 Iskenderun's Mystic Bla  Conj/Tloc      ####....     32%         4


Dungeon Overview and Level Annotations

Branches:
Dungeon (2/15)

Altars:
Hepliaklqana

Annotations:
D:2 Sigmund


Message History

You can't see any susceptible monsters within range! (Use Z to cast anyway.)
You hear some strange, mumbled words.
Something tries to affect you, but you resist.
A magic dart appears from out of thin air!
The magic dart hits you.
Casting: Searing Ray (safe; 1% risk of failure)
Confirm with . or Enter, or press ? or * to list all spells.
You can't see any susceptible monsters within range! (Use Z to cast anyway.)
A puff of flame appears from out of thin air!
The puff of flame hits you.
* * * LOW HITPOINT WARNING * * *
It was a potion of brilliance.
You feel clever all of a sudden.
As you read the scroll labeled TYINEE MOCOU, it crumbles to dust.
It is a scroll of identify.
g - a potion of stabbing You are confused.
You bump into the rock wall.
Something hits you!
Ouch! That really hurt!
You die...

###### ###########
#....#######.........#
##.##......@..#######.#
##...###.#####.# #.#
### #.....##.# #.#
#.####.# #.......#.#
#.# #†...<#.
#....._.....# #.#
#.##.### #.#.......###
#.# #.#.## #
#.##.....##
#.#######.##.### #
##...##
#.........###.#. ##.##
#####.##### ##.#


There were no monsters in sight!

Vanquished Creatures
  Jessica (D:2)
  A worm (D:2)
  2 ball pythons
  3 bats
  4 goblins
  6 hobgoblins
  9 jackals
  2 frilled lizards
  6 kobolds
  4 rats
38 creatures vanquished.

Notes
Turn   | Place    | Note
-------+----------+-------------------------------------------
     0 | D:1      | Decritt the Deep Elf Conjurer began the quest for the Orb.
     0 | D:1      | Reached XP level 1. HP: 10/10 MP: 6/6
   231 | D:1      | Reached XP level 2. HP: 15/15 MP: 5/8
   242 | D:1      | Reached skill level 5 in Conjurations
  1125 | D:2      | Reached XP level 3. HP: 19/19 MP: 7/9
  1567 | D:2      | Noticed Jessica
  1580 | D:2      | Killed Jessica
  1580 | D:2      | Reached skill level 6 in Conjurations
  1635 | D:2      | Learned a level 2 spell: Searing Ray
  1676 | D:2      | Reached XP level 4. HP: 24/24 MP: 7/10
  1754 | D:2      | Found a hazy altar of Hepliaklqana.
  1798 | D:2      | Noticed Sigmund
  1824 | D:2      | Mangled by Sigmund

Illustrated notes

Levels and vault maps discovered:
D:1:      erik_arrival_orb_chamber, layout_basic
D:2:      layout_loops_ring, lemuel_round_altar, uniq_sigmund, uniq_jessica,
          uniq_crazy_yiuf_cottage

Skill      XL: |  1  2  3 |
---------------+----------+-----
Conjurations   | 5 6 |  6.2
Dodging        | |  2.4
Stealth        | |  2.4
Spellcasting   | |  3.0

Action                   |  1- 3 |  4- 6 || total
-------------------------+-------+-------++-------
Melee: Unarmed           |     1 |       ||     1
 Cast: Magic Dart        |    77 |    10 ||    87
       Searing Ray       |       |     2 ||     2
  Use: Scroll            |       |     1 ||     1
       Potion            |       |     1 ||     1
Armor: Robe              |     7 |       ||     7
Dodge: Dodged            |    19 |     2 ||    21

Table legend: (Time is in decaauts)
 A = Elapsed time spent in this place.
 B = Non-inter-level travel time spent in this place.
 C = Inter-level travel time spent in this place.
 D = Time resting spent in this place.
 E = Time spent auto-exploring this place.
 F = Levels seen in this place.
 G = Mean time per level.
                   A        B        C        D        E       F      G
               +--------+--------+--------+--------+--------+-----+--------+
         Total |   1823 |   1813 |     10 |    100 |   1424 |   2 |  911.5 |
       Dungeon |   1823 |   1813 |     10 |    100 |   1424 |   2 |  911.5 |
               +--------+--------+--------+--------+--------+-----+--------+

Top non-repeatable levels by time:
     D:1: 1097 daAuts
     D:2: 726 daAuts
